 Dungeon Crawl Stone Soup version 0.30-a0-358-g0d69a1922f (webtiles) character file.

Game seed: 11537113700532776257

816 night the Caller (level 7, -2/46 HPs)
             Began as a Merfolk Summoner on Nov 9, 2022.
             Was a Believer of Kikubaaqudgha.
             Slain by a shadow imp (3 damage)
             ... on level 4 of the Dungeon.
             The game lasted 00:11:54 (4016 turns).

night the Caller (Merfolk Summoner)                 Turns: 4016, Time: 00:11:55

Health: -2/46      AC:  6    Str:  8    XL:     7   Next: 94%
Magic:  14/14      EV: 12    Int: 23    God:    Kikubaaqudgha [**....]
Gold:   292        SH:  0    Dex: 14    Spells: 2/15 levels left

rFire   . . .      SeeInvis .    p - +0 spear (venom)
rCold   . . .      Faith    .    (no shield)
rNeg    . . .      Spirit   .    a - +0 robe
rPois   .          Reflect  .    d - +1 helmet
rElec   .          Harm     .    i - +1 cloak
rCorr   .          Rampage  .    (no gloves)
Will    .....                    (no boots)
Stlth   +.........               k - amulet of magic regeneration
HPRegen 0.27/turn                l - +6 ring of intelligence
MPRegen 0.54/turn                (no ring)

@: confused, ambrosia-drunk
A: (nimble swimmer 2), mertail
a: Renounce Religion, Unearth Wretches


You were on level 4 of the Dungeon.
You worshipped Kikubaaqudgha.
Kikubaaqudgha was pleased with you.
You visited 1 branch of the dungeon, and saw 5 of its levels.

You collected 292 gold pieces.

Inventory:

Hand Weapons
 p - a +0 spear of venom (weapon)
Missiles
 c - 18 stones
 j - 2 javelins
 o - 4 curare-tipped darts
 s - 5 poisoned darts
 x - 4 boomerangs
Armour
 a - a +0 robe (worn)
 d - a +1 helmet (worn)
 i - a +1 cloak (worn)
Jewellery
 k - an amulet of magic regeneration (around neck)
 l - a +6 ring of intelligence (left hand)
Scrolls
 e - a scroll of teleportation
 m - a scroll of amnesia
 v - a scroll of magic mapping
Potions
 b - 2 potions of magic
 g - a potion of cancellation
 h - a potion of heal wounds {unknown}
 n - a potion of flight {unknown}
 q - a potion of curing {unknown}
 r - a potion of invisibility {unknown}
 t - a potion of attraction {unknown}
 u - a potion of mutation {unknown}
 w - a potion of lignification {unknown}


   Skills:
 + Level 6.0 Polearms
 - Level 2.6 Dodging
 - Level 2.1 Stealth
 + Level 4.7 Spellcasting
 + Level 6.2 Summonings
 + Level 1.6 Necromancy


You had 2 spell levels left.
You knew the following spells:

 Your Spells              Type           Power      Damage    Failure   Level
a - Summon Small Mammal   Summ           100%       N/A       1%          1
b - Call Imp              Summ           34%        N/A       1%          2
c - Call Canine Familiar  Summ           34%        N/A       2%          3
d - Summon Guardian Gole  Hex/Summ       19%        N/A       9%          3
e - Summon Lightning Spi  Summ/Air       19%        N/A       26%         4

Your spell library contained the following spells:

 Spells                   Type           Power      Damage    Failure   Level
 Necrotise                Necr           52%        1d6       4%          1
 Kiss of Death            Conj/Necr      36%        2d8       7%          1
 Sublimation of Blood     Necr           13%        N/A       8%          2
 Freeze                   Ice            20%        1d4       10%         1
 Frozen Ramparts          Ice            10%        1d2       28%         3
 Gell's Gravitas          Tloc           5%         N/A       28%         3
 Hailstorm                Conj/Ice       5%         3d4       28%         3
 Teleport Other           Tloc           5%         N/A       28%         3
 Animate Dead             Necr           13%        N/A       43%         4
 Iskenderun's Battlesphe  Conj           5%         2d6       95%         5
 Dispersal                Tloc           2%         N/A       100%        6
 Iron Shot                Conj/Erth      2%         9d2       100%        6
 Spellforged Servitor     Conj/Summ      9%         N/A       100%        7


Dungeon Overview and Level Annotations

Branches:
Dungeon (5/15)
 Temple: D:4-7

Altars:
Ashenzari
Kikubaaqudgha


Innate Abilities, Weirdness & Mutations

((You are very nimble when in or above water. (Stealth+, EV+, Speed+++)))
Your lower body shifts to a powerful aquatic tail in water.


Message History

The shadow imp hits you but does no damage.
The gnoll hits you from afar with a +0 halberd.
The shadow imp attacks as you move away!
The shadow imp hits you.
You hear the slow rusting of a very distant drain.
Your crimson imp disappears in a puff of smoke!
A jelly comes into view.
The gnoll misses you. The gnoll attacks as you move away!
The gnoll hits you with a +0 flail!
There is a stone staircase leading up here.
The gnoll misses you.
The gnoll hits you from afar with a +0 halberd!
* * * LOW HITPOINT WARNING * * *
The shadow imp barely misses you.
You climb upwards.
There is a stone staircase leading down here.
As you read the scroll labelled SETEULOLOL, it crumbles to dust.
The scroll dissolves into smoke.
It was a scroll of fog.
The gnoll barely misses you. The gnoll hits you but does no damage.
The shadow imp hits you.
* * * LOW HITPOINT WARNING * * *
The gnoll hits you with a +0 club.
* * * LOW HITPOINT WARNING * * *
The shadow imp hits you but does no damage.
It was a potion of cancellation.
Your magical effects are unravelling.
You feel magically purged.
The sentinel's mark upon you fades away.
The gnoll hits you with a +0 club.
* * * LOW HITPOINT WARNING * * *
The gnoll hits you but does no damage. The shadow imp hits you.
* * * LOW HITPOINT WARNING * * *
It was a potion of ambrosia.
You are confused.
You feel invigorated. The gnoll barely misses you.
The gnoll hits you with a +0 flail.
* * * LOW HITPOINT WARNING * * *
The shadow imp hits you.
You die...
Kikubaaqudgha rasps: "You have failed me!
Welcome... death!"

#.....).'......................
##...##.#.)........###....#####
#.........)......#.####...#
#.###..).##.....##........#
#.#...÷)..##...#########.##
#.#.#.÷..####..>.# #.#
##.....#.## #§§§.# #.#
#........# ###§g§§#### #.#
#.##.###.# #.§g@§§...####.#
#.#..###.# #§§§5§§........#
#.#.≈≈≈≈.# #.§§§§§...######
#.#.≈....# ##.....####
#.##≈≈≈≈.# ##....#
#........#####....#
########.........## #######.###
#.#


You could see 2 gnolls and a shadow imp.

Vanquished Creatures
  2 orc priests
  An adder (D:4)
  A worm (D:3)
  3 orcs (D:4)
  2 endoplasms
  2 giant cockroaches
  5 goblins
  A hobgoblin (D:4)
  A jackal (D:1)
  2 quokkas
  7 bats
  2 frilled lizards
  2 kobolds
  2 rats
33 creatures vanquished.

Vanquished Creatures (collateral kills)
  Sigmund (D:3)
  A bullfrog (D:4)
  A jelly (D:3)
  An orc priest (D:3)
  3 hounds
  Robin (D:2)
  10 adders
  5 gnolls
  A dart slug (D:3)
  5 orcs
  A ball python (D:4)
  7 endoplasms
  3 giant cockroaches
  10 goblins
  3 hobgoblins
  6 jackals
  A quokka (D:4)
  2 kobolds
  2 rats (D:1)
64 creatures vanquished.

Vanquished Creatures (others)
  An orc warrior (D:4)
  An orc wizard (D:4)
  A withered plant (D:1)
3 creatures vanquished.

Grand Total: 100 creatures vanquished

Notes
Turn   | Place    | Note
-------+----------+-------------------------------------------
     0 | D:1      | night the Merfolk Summoner began the quest for the Orb.
     0 | D:1      | Reached XP level 1. HP: 13/13 MP: 3/3
   369 | D:1      | Reached skill level 1 in Polearms
   369 | D:1      | Reached XP level 2. HP: 14/19 MP: 1/5
   372 | D:1      | Learned a level 2 spell: Call Imp
   997 | D:1      | Reached XP level 3. HP: 24/24 MP: 2/6
  1016 | D:1      | Learned a level 3 spell: Call Canine Familiar
  1383 | D:1      | Found a faded altar of an unknown god.
  1398 | D:1      | Prayed at the altar of an unknown god.
  1398 | D:1      | Became a worshipper of Kikubaaqudgha
  1398 | D:1      | Reached * piety under Kikubaaqudgha
  1398 | D:1      | Received a gift from Kikubaaqudgha
  1492 | D:2      | Noticed Robin
  1506 | D:1      | Reached skill level 2 in Polearms
  1507 | D:1      | HP: 2/24 [goblin/sling bullet[Robin] (5)]
  1518 | D:1      | HP: 3/24 [goblin/sling bullet[Robin] (2)]
  1849 | D:2      | Reached XP level 4. HP: 28/30 MP: 8/8
  2010 | D:2      | Killed Robin
  2280 | D:2      | Reached XP level 5. HP: 21/35 MP: 9/9
  2447 | D:3      | Noticed Sigmund
  2592 | D:3      | Killed Sigmund
  2592 | D:3      | Reached ** piety under Kikubaaqudgha
  2593 | D:3      | Reached skill level 5 in Summonings
  2593 | D:3      | Reached XP level 6. HP: 36/41 MP: 3/11
  2737 | D:3      | Reached skill level 5 in Polearms
  2737 | D:3      | Reached XP level 7. HP: 46/46 MP: 11/13
  2743 | D:3      | Learned a level 3 spell: Summon Guardian Golem
  2751 | D:3      | Learned a level 4 spell: Summon Lightning Spire
  2778 | D:3      | Found a broken altar of Ashenzari.
  3686 | D:4      | Reached skill level 1 in Necromancy
  3956 | D:5      | Entered Level 5 of the Dungeon
  4002 | D:5      | Noticed a troll
  4014 | D:4      | HP: 5/46 [gnoll/+0 club (2)]
  4015 | D:4      | HP: 2/46 [shadow imp (1)]
  4016 | D:4      | Slain by a shadow imp

Illustrated notes

Levels and vault maps discovered:
D:1:      dpeg_arrival_fog, layout_loops_corners, shapermc_ecumenical_altar_gd
D:2:      layout_loops_cross, uniq_robin
D:3:      layout_rooms, mainiacjoe_overflow_six_doors_small, uniq_sigmund
D:4:      layout_loops_corners, chequers_serial_rivers_micro_d,
          cheibrodos_gnoll_hut
D:5:      layout_cave_pods, cheibrodos_sewer_entry_bend

Skill      XL: |  1  2  3  4  5  6  7 |
---------------+----------------------+-----
Polearms       | 1 2 3 4 5 6 |  6.0
Spellcasting   | 3 4 |  4.7
Summonings     | 5 6 |  6.2
Necromancy     | 1 |  1.6
Dodging        | |  2.6
Stealth        | |  2.1

Action                   |  1- 3 |  4- 6 |  7- 9 || total
-------------------------+-------+-------+-------++-------
Melee: Unarmed           |     3 |       |       ||     3
       Dagger            |   114 |       |       ||   114
       Punch             |     2 |       |       ||     2
       Spear             |       |    61 |    34 ||    95
 Cast: Summon Small Mamm |    25 |    12 |     2 ||    39
       Call Imp          |    10 |     9 |     6 ||    25
       Call Canine Famil |     4 |    10 |     7 ||    21
       Summon Guardian G |       |       |     4 ||     4
  Use: Scroll            |       |     4 |     4 ||     8
       Potion            |       |       |     2 ||     2
 Stab: Distracted        |     2 |     1 |     2 ||     5
       Sleeping          |       |     1 |     4 ||     5
Armor: Robe              |    55 |    15 |    10 ||    80
Dodge: Dodged            |   144 |    34 |     8 ||   186

Table legend: (Time is in decaauts)
 A = Elapsed time spent in this place.
 B = Non-inter-level travel time spent in this place.
 C = Inter-level travel time spent in this place.
 D = Time resting spent in this place.
 E = Time spent auto-exploring this place.
 F = Levels seen in this place.
 G = Mean time per level.
                   A        B        C        D        E       F      G
               +--------+--------+--------+--------+--------+-----+--------+
         Total |   4002 |   3860 |    142 |    236 |   2631 |   5 |  800.4 |
       Dungeon |   4002 |   3860 |    142 |    236 |   2631 |   5 |  800.4 |
               +--------+--------+--------+--------+--------+-----+--------+

Top non-repeatable levels by time:
     D:1: 1608 daAuts
     D:4: 926 daAuts
     D:2: 919 daAuts
     D:3: 495 daAuts
     D:5: 52 daAuts
